 Dungeon Crawl Stone Soup version 0.22-a0-542-gce4f928 (webtiles) character file.

3 wazuzu the Poker (level 1, 0/13 HPs)
             Began as a Gnoll Wanderer on June 24, 2018.
             Slain by a goblin
             ... wielding a cursed -1 dagger
              (3 damage)
             ... on level 1 of the Dungeon.
             The game lasted 00:00:30 (93 turns).

wazuzu the Poker (Gnoll Wanderer)                     Turns: 93, Time: 00:00:31

Health: 0/13       AC:  2    Str: 17    XL:     1   Next: 50%
Magic:  6/6        EV: 13    Int: 11    God:
Gold:   11         SH:  0    Dex: 14    Spells: 9/9 levels left

rFire    . . .     SeeInvis .   a - +2 spear
rCold    . . .     Gourm    .   (no shield)
rNeg     . . .     Faith    .   e - +0 robe
rPois    .         Spirit   .   (no helmet)
rElec    .         Reflect  .   (no cloak)
rCorr    .         Harm     .   (no gloves)
MR       .....                  (no boots)
Stlth    ++........             (no amulet)
HPRegen  0.04/turn              (no ring)
MPRegen  0.10/turn              (no ring)

@: no status effects
A: distributed training, fangs 1, strong nose
a: no special abilities


You were on level 1 of the Dungeon.
You were not hungry.

You visited 1 branch of the dungeon, and saw 1 of its levels.

You collected 11 gold pieces.

Inventory:

Hand Weapons
 a - a +2 spear (weapon)
 d - a +0 blowgun
Missiles
 c - 13 poisoned needles
Armour
 e - a +0 robe (worn)
Scrolls
 b - a scroll of teleportation
Comestibles
 f - 2 rations


   Skills:
 + Level 0.0 Fighting
 + Level 0.0 Short Blades
 + Level 0.0 Long Blades
 + Level 0.0 Axes
 + Level 0.0 Maces & Flails
 + Level 6.4 Polearms
 + Level 0.0 Staves
 + Level 0.0 Slings
 + Level 0.0 Bows
 + Level 0.0 Crossbows
 + Level 4.4 Throwing
 + Level 0.0 Armour
 + Level 2.3 Dodging
 + Level 2.1 Stealth
 + Level 0.0 Shields
 + Level 0.0 Unarmed Combat
 + Level 4.8 Spellcasting
 + Level 1.9 Conjurations
 + Level 0.0 Hexes
 + Level 0.0 Charms
 + Level 0.0 Summonings
 + Level 0.0 Necromancy
 + Level 0.0 Translocations
 + Level 0.0 Transmutations
 + Level 0.0 Fire Magic
 + Level 0.0 Ice Magic
 + Level 0.0 Air Magic
 + Level 0.0 Earth Magic
 + Level 0.0 Poison Magic
 + Level 0.1 Invocations
 + Level 0.0 Evocations


You had 9 spell levels left.
You didn't know any spells.
Your spell library was empty.

Dungeon Overview and Level Annotations

Branches:
Dungeon (1/15)

Altars:


Innate Abilities, Weirdness & Mutations

Your experience applies equally to all skills.
You have very sharp teeth.
Your uncanny sense of smell can sniff out nearby items.


Message History

The goblin is severely wounded.
The goblin hits you but does no damage.
You hit the goblin.
You kill the goblin!
The goblin closely misses you.
You closely miss the bat. The bat barely misses you.
The goblin hits you but does no damage.
You closely miss the goblin. The bat completely misses you.
You closely miss the bat. The bat closely misses you. The rat bites you.
The goblin hits you with an enchanted dagger.
The kobold hits you.
You are too injured to fight recklessly!
The goblin barely misses you. The bat completely misses you.
You are too injured to fight recklessly!
The bat hits you but does no damage. The bat misses you. The bat hits you.
* * * LOW HITPOINT WARNING * * *
The goblin hits you with an enchanted dagger.
You die...

.# ∆ .. .## ....># #.#..#
....)# ### ....##########
...############...##........
.........†........##.#######
.....(.(.rb@.##...##.#
..........gK.###..##.#######
.............# #...#.#......
.............# ##..#.#.#....
......†).!...# #..#.#.#....
.............# ##.#.#.#....
###..........# #...#.#....
#(.........# ##..#.#..<.
#..........# #..#.#....


You could see a goblin, a bat, a kobold and a rat.

Vanquished Creatures
  A goblin (D:1)
  A kobold (D:1)
  A bat (D:1)
3 creatures vanquished.

Notes
Turn   | Place    | Note
-------+----------+-------------------------------------------
     0 | D:1      | wazuzu the Gnoll Wanderer began the quest for the Orb.
     0 | D:1      | wazuzu set off with: a +2 spear, a scroll of teleportation, 13 poisoned needles, a +0 blowgun, a +0 robe, a ration
     0 | D:1      | Reached XP level 1. HP: 13/13 MP: 6/6
    93 | D:1      | Slain by a goblin

Vault maps used:
D:1:      minmay_arrival_semitransparent

Action                   || total
-------------------------++-------
Melee: Spear             ||     7
Armor: Robe              ||     2
Dodge: Dodged            ||    11

Table legend:
 A = Spawn XP
 B = Non-spawn XP
 C = Spawn XP percentage of total XP
 D = Spawn monster count
 E = Non-spawn monster count
 F = Spawn count percentage of total count
 G = Total turns spent on level
                    A         B        C        D         E        F      G
               +---------+---------+-------+---------+---------+-------+---------
         Total |       0 |       5 |   0.0 |       0 |       3 |   0.0 |    93
               +---------+---------+-------+---------+---------+-------+---------
           D:1 |       0 |       5 |   0.0 |       0 |       3 |   0.0 |    93
               +---------+---------+-------+---------+---------+-------+---------
